 Dungeon Crawl Stone Soup version 0.21-a0-516-gaaff437 (webtiles) character file.

2 theanonym the Firebug (level 1, -1/10 HPs)
             Began as a Gargoyle Fire Elementalist on Dec 3, 2017.
             Slain by a jackal (3 damage)
             ... on level 1 of the Dungeon.
             The game lasted 00:01:03 (141 turns).

theanonym the Firebug (Gargoyle Fire Elementalist)   Turns: 141, Time: 00:01:03

Health: -1/10      AC:  4    Str: 11    XL:     1   Next: 40%
Magic:  0/3        EV: 12    Int: 15    God:
Gold:   0          SH:  0    Dex: 10    Spells: 3/4 levels left

rFire    . . .     SeeInvis .   (no weapon)
rCold    . . .     Gourm    .   (no shield)
rNeg     + . .     Faith    .   a - +0 robe
rPois    ∞         Spirit   .   (no helmet)
rElec    +         Reflect  .   (no cloak)
rCorr    .         Harm     .   (no gloves)
MR       .....                  (no boots)
Stlth    ++........             (no amulet)
HPRegen  0.03/turn              (no ring)
MPRegen  0.08/turn              (no ring)

@: no status effects
A: negative energy resistance 1, electricity resistance, unbreathing,
petrification resistance, rot immunity, AC +2
a: no special abilities


Innate Abilities, Weirdness & Mutations

You are resistant to torment.
Your stone body is resilient. (AC +2)
You are immune to poison.
You resist negative energy. (rN+)
You are resistant to electric shocks. (rElec)
You can survive without breathing.
You are immune to petrification.
You are immune to rotting.


   Skills:
 - Level 1.5 Dodging
 - Level 2.1 Stealth
 - Level 2.0 Spellcasting
 + Level 1.2 Conjurations
 * Level 3.1 Fire Magic


You had 3 spell levels left.
You knew the following spells:

 Your Spells              Type           Power        Failure   Level  Hunger
a - Flame Tongue          Conj/Fire      #....        9%          1    #......

Action                   || total
-------------------------++-------
Melee: Unarmed           ||     3
 Cast: Flame Tongue      ||     9
Armor: Robe              ||     8
Dodge: Dodged            ||    19

Inventory:

Armour
 a - a +0 robe (worn)
Books
 b - a book of Flames

   Spells                             Type                      Level
   a - Flame Tongue                   Conjuration/Fire             1
   b - Throw Flame                    Conjuration/Fire             2
   c - Conjure Flame                  Conjuration/Fire             3
   d - Inner Flame                    Hexes/Fire                   3
   e - Sticky Flame                   Conjuration/Fire             4
   f - Fireball                       Conjuration/Fire             5
Comestibles
 e - a bread ration

Dungeon Overview and Level Annotations

Branches:
Dungeon (1/15)

Altars:


You were on level 1 of the Dungeon.
You were not hungry.

You visited 1 branch of the dungeon, and saw 1 of its levels.


Message History

MP restored: 3 A frilled lizard comes into view.
A frilled lizard is nearby!
A frilled lizard is nearby!
A frilled lizard is nearby!
The frilled lizard barely misses you.
Aim: a frilled lizard The flame tongue hits the frilled lizard.
You kill the frilled lizard!
You now have 2/3 mp.
You start resting.
MP restored: 3 You open the door.
There is an open door here.
You open the door.
There is an open door here.
A jackal comes into view.
A jackal is nearby!
A jackal is nearby!
A jackal is nearby!
A jackal is nearby!
Aim: a jackal (resting)
The flame tongue hits the jackal.
The jackal barks!
You now have 2/3 mp.
Aim: a jackal (severely wounded)
You miscast Flame Tongue.
You are very lightly contaminated with residual magic.
Nothing appears to happen.
The jackal stops to sniff the ground.
The jackal barely misses you.
A jackal comes into view.
You now have 1/3 mp.
Aim: a jackal (severely wounded)
The flame tongue misses the jackal.
* * * LOW MAGIC WARNING * * *
The jackal bites you but does no damage.
You now have 0/3 mp.
You don't have enough magic to cast that spell.
You closely miss the jackal. The jackal closely misses you.
There is an open door here.
The jackal barely misses you.
There is an open door here.
Aim: a jackal (severely wounded)
You miscast Flame Tongue.
Nothing appears to happen.
* * * LOW MAGIC WARNING * * *
The jackal closely misses you.
The jackal bites you but does no damage.
You now have 0/3 mp.
The jackal bites you but does no damage.
The jackal closely misses you.
Found a fizzy golden potion.
The jackal closely misses you.
Aim: a jackal The flame tongue misses the jackal.
* * * LOW MAGIC WARNING * * *
The jackal bites you but does no damage.
The jackal barely misses you.
You now have 0/3 mp.
The jackal misses you. The jackal barely misses you. The jackal bites you.
You take 3 damage, and have 7/10 hp.
MASSIVE DAMAGE!!
Aim: a jackal The flame tongue hits the jackal.
* * * LOW MAGIC WARNING * * *
The jackal barely misses you.
You now have 0/3 mp.
You miss the jackal. The jackal misses you. The jackal closely misses you. x3
You hit the jackal.
You kill the jackal!
The jackal bites you.
* * * LOW HITPOINT WARNING * * *
Your magical contamination has completely faded away.
You take 2 damage, and have 5/10 hp.
The jackal misses you. The jackal barely misses you. The jackal bites you.
* * * LOW HITPOINT WARNING * * *
You take 2 damage, and have 3/10 hp.
Aim: a jackal The flame tongue hits the jackal.
* * * LOW MAGIC WARNING * * *
The jackal bites you but does no damage.
The jackal barely misses you.
You now have 0/3 mp.
The jackal barely misses you. The jackal bites you.
* * * LOW HITPOINT WARNING * * *
The jackal bites you.
* * * LOW HITPOINT WARNING * * *
You take 1 damage, and have 2/10 hp.
The jackal bites you but does no damage.
Aim: a jackal (moderately wounded)
The flame tongue misses the jackal.
* * * LOW MAGIC WARNING * * *
The jackal bites you but does no damage.
You now have 0/3 mp.
The jackal bites you.
You die...

#.........####?..##.
#.......## .##
##.....## .. ##...##
## ##'## #.#
######.#####
#.........h.#
#.##.#...##@#
##......#.#
....#...##.#####!
#.##.##...........#
#.##.##.###.#######
#.......# #.#
####.##.###.#
#########........#
.........###.#####


You could see a jackal.

Notes
Turn   | Place    | Note
-------+----------+-------------------------------------------
     0 | D:1      | theanonym the Gargoyle Fire Elementalist began the quest for the Orb.
     0 | D:1      | Reached XP level 1. HP: 10/10 MP: 3/3
   119 | D:1      | HP: 5/10 [jackal (2)]
   126 | D:1      | HP: 3/10 [jackal (2)]
   133 | D:1      | HP: 3/10 [jackal (1)]
   141 | D:1      | Slain by a jackal

Vanquished Creatures
  A jackal (D:1)
  A bat (D:1)
  A frilled lizard (D:1)
3 creatures vanquished.
